AoeStats
← Savitar1678

Arabia

510403790Analyzed
1v1 RM · 1d ago on Sep 30, 2026· 57m 31s· 2 players
Game mode
Random Map
Map size
Tiny (2 player)
Population
200
Speed
Normal
Resources
Standard
Victory
Conquest
Starting age
Dark Age
Ending age
Imperial Age
RankedLock teamsTeams togetherTeam positionsShared explorationLock speedFull tech treeHidden civsTurbo modeCheats
Victory
Defeat
🇹🇷 Berbers · Türkiye
1011
+18
🇺🇸 Vietnamese · United States
1049
-18
Kramozga
7:58 Loom
10:14 Feudal Age
12:37 Double-Bit Axe
12:33 Horse Collar
20:24 Castle Age
20:45 Wheelbarrow
21:37 Fletching
24:58 Gold Mining
25:03 Stone Mining
25:25 Bow Saw
25:24 Heavy Plow
25:56 Bodkin Arrow
26:18 Forging
29:39 Town Watch
30:36 Bloodlines
31:18 Ballistics
32:08 Husbandry
33:08 Murder Holes
33:52 Kasbah
34:20 Thumb Ring
38:06 Imperial Age
35:56 Padded Archer Armor
38:20 Leather Archer Armor
38:14 Cavalier
39:25 Elite Genitour
41:52 Hand Cart
42:19 Conscription
43:18 Bracer
43:48 Ring Archer Armor
43:55 Iron Casting
43:21 Scale Mail Armor
43:28 Scale Barding Armor
50:49 Stone Shaft Mining
54:36 Chemistry
53:42 Siege Engineers
54:01 Chain Barding Armor
54:42 Blast Furnace
55:09 Gold Shaft Mining
Savitar1678
7:22 Loom
9:51 Feudal Age
10:32 Double-Bit Axe
11:49 Town Watch
14:03 Horse Collar
15:56 Fletching
20:17 Castle Age
20:23 Padded Archer Armor
20:16 Gold Mining
21:31 Bow Saw
22:44 Wheelbarrow
25:30 Stone Mining
30:02 Bodkin Arrow
30:42 Town Patrol
34:02 Imperial Age
32:32 Hand Cart
33:46 Stone Shaft Mining
34:34 Ballistics
35:47 Paper Money
36:16 Bracer
37:29 Chemistry
37:35 Two-Man Saw
37:26 Leather Archer Armor
37:08 Elite Rattan Archer
42:56 Ring Archer Armor
43:52 Elite Skirmisher
44:40 Thumb Ring
46:30 Imperial Skirmisher
51:46 Elite Fire Lancer
56:18 Scale Mail Armor
56:29 Forging
Connection lost

Rejoining the realm…

Still unreachable

The connection could not be restored.

Session expired

The server has moved on; the page needs a fresh start.